 Dungeon Crawl Stone Soup version 0.30.0 (webtiles) character file.

Game seed: 11178724121257902404

21011 onion5 the Cleaver (level 12, -1/110 HPs)
             Began as a Minotaur Berserker on Dec 3, 2023.
             Was a Priest of Trog.
             Slain by an eight-headed hydra (5 damage)
             ... on level 2 of the Lair of Beasts.
             The game lasted 01:55:18 (11623 turns).

onion5 the Cleaver (Minotaur Berserker)            Turns: 11623, Time: 01:55:19

Health: -1/110     AC: 25    Str: 32    XL:     12   Next: 50%
Magic:  11/11      EV: 15    Int: 13    God:    Trog [***...]
Gold:   751        SH:  5    Dex:  8    Spells: 11/11 levels left

rFire   x . .        W - +2 hand axe (venom)
rCold   + . .        P - orb of Misanthropy {mayhem, Slay+4}
rNeg    . . .        u - +3 plate armour {rC+}
rPois   .            (helmet restricted)
rElec   .            (no cloak)
rCorr   +            o - +1 pair of gloves
SInv    .            S - +0 pair of boots
Will    .....        y - amulet of reflection Stlth
                     f - +5 ring of evasion
HPRegen 0.38/turn    s - ring of Qozahep {rF- rCorr Str+2 Int+6}
MPRegen 0.12/turn

%: mayhem, reflection
@: on berserk cooldown, flying, slowed, very slow
A: horns 2, retaliatory headbutt, iridescent scales 1, clever 1, strong 1, wild
magic 1
a: Renounce Religion, Berserk, Trog's Hand


You were on level 2 of the Lair of Beasts.
You worshipped Trog.
Trog was most pleased with you.
You visited 3 branches of the dungeon, and saw 14 of its levels.
You also visited: Sewer.

You collected 1051 gold pieces.
You spent 300 gold pieces at shops.

Inventory:

Hand Weapons
 a - a +1 hand axe
 b - the +9 quarterstaff "Xeuw" {pain, rF- rC+ Dex+8 Stlth+}
   (You found it on level 1 of the Lair of Beasts)

   Dex:       It affects your dexterity (+8).
   rF:        It makes you vulnerable to fire.
   rC:        It protects you from cold.
   Stlth:     It makes you more stealthy.
   Trog disapproves of the use of such an item.
 n - a +1 hand axe of freezing
 p - a +4 falchion
 q - a +2 war axe
 W - a +2 hand axe of venom (weapon)
Missiles
 d - 154 stones
 i - 21 poisoned darts (quivered)
 t - 2 silver boomerangs
Armour
 o - a +1 pair of gloves (worn)
 u - a +3 plate armour of cold resistance (worn)
 P - the orb of Misanthropy (worn) {mayhem, Slay+4}
   (You found it on level 6 of the Dungeon)

   Slay:      It affects your accuracy & damage with ranged weapons and melee
   (+4).
 S - a +0 pair of boots (worn)
Jewellery
 e - an amulet of guardian spirit
 f - a +5 ring of evasion (left hand)
 h - a ring of protection from cold
 j - a ring of ice
 s - the ring of Qozahep (right hand) {rF- rCorr Str+2 Int+6}
   (You took it off a tengu warrior on level 10 of the Dungeon)

   [ring of resist corrosion]

   Str:       It affects your strength (+2).
   Int:       It affects your intelligence (+6).
   rF:        It makes you vulnerable to fire.
   rCorr:     It protects you from acid and corrosion.
 w - a ring of willpower
 y - an amulet of reflection (around neck)
 z - a +6 ring of dexterity
 Y - a ring of flight
Wands
 l - a wand of quicksilver (4)
Scrolls
 g - 5 scrolls of teleportation
 r - a scroll of immolation
 F - 2 scrolls of butterflies
 G - a scroll of blinking
 H - 2 scrolls of fog
 I - 6 scrolls of identify
 N - 2 scrolls of silence
 Q - 3 scrolls of fear
Potions
 c - 4 potions of attraction
 k - 2 potions of cancellation
 m - a potion of mutation
 B - 3 potions of curing
 K - 2 potions of flight
 L - 3 potions of might
 R - a potion of haste
 T - a potion of resistance
 X - 2 potions of lignification
Miscellaneous
 v - a lightning rod (4/4)
 C - a box of beasts
 J - a phial of floods


   Skills:
 + Level 11.0 Fighting
 + Level 14.8 Axes
 + Level 1.6 Ranged Weapons
 + Level 2.7 Throwing
 + Level 13.7 Armour
 + Level 5.9 Dodging
 + Level 3.8 Stealth
 + Level 7.0 Shields


You had 11 spell levels left.
You didn't know any spells.
Your spell library contained the following spells:

 Spells                   Type           Power      Damage    Failure   Level
 Magic Dart               Conj           0%         1d3       89%         1
 Call Imp                 Summ           0%         N/A       96%         2
 Dazzling Flash           Conj/Hex       0%         N/A       99%         3
 Inner Flame              Hex/Fire       0%         N/A       99%         3
 Mephitic Cloud           Conj/Pois/Air  0%         N/A       99%         3
 Agony                    Necr           0%         N/A       100%        5
 Silence                  Hex/Air        0%         N/A       100%        5
 Fire Storm               Conj/Fire      0%         5d1       100%        9


Dungeon Overview and Level Annotations

Branches:
Dungeon (11/15)            Temple (1/1) D:6            Lair (2/5) D:11
  Sewer (visited)
  Swamp: Lair:2-3    Shoals: Lair:2-3     Snake: Lair:2-3    Spider: Lair:2-3
    Orc: D:9-12

Altars:
Ashenzari
Cheibriados
Dithmenos
Elyvilon
Fedhas
Gozag
Hepliaklqana
Kikubaaqudgha
Makhleb
Nemelex Xobeh
Okawaru
Qazlal
Ru
Sif Muna
Trog
Uskayaw
Vehumet
Wu Jian
Xom
Yredelemnul
Zin
The Shining One

Shops:
D:4 =   D:6 [

Annotations:
D:9 3 transporters
Lair:2 exclusion: oklob plant


Innate Abilities, Weirdness & Mutations

You have a pair of horns on your head.
You reflexively headbutt those who attack you in melee.
You are partially covered in iridescent scales. (AC +2)
Your mind is acute. (Int +4, Str/Dex -1)
Your muscles are strong. (Str +4, Int/Dex -1)
Your spells are a little harder to cast, but a little more powerful.


Message History

The eight-headed hydra bites you!
* * * LOW HITPOINT WARNING * * *
The eight-headed hydra bites you but does no damage.
The eight-headed hydra closely misses you.
The eight-headed hydra bites you but does no damage.
The catoblepas gores you.
* * * LOW HITPOINT WARNING * * *
You feel very buoyant.
You fly up into the air.
The cane toad is no longer petrified.
Your two-headed ogre hits the catoblepas with a +0 giant club!
Your two-headed ogre hits the catoblepas with a +0 dire flail!!
The catoblepas dies!
Trog accepts your kill.
The cane toad stings you but does no damage.
The eight-headed hydra bites you but does no damage. x2
The eight-headed hydra closely misses you.
The eight-headed hydra bites you but does no damage.
The eight-headed hydra bites you.
* * * LOW HITPOINT WARNING * * *
The eight-headed hydra completely misses you.
The eight-headed hydra bites you but does no damage.
The eight-headed hydra closely misses you.
You block the cane toad's attack.
Your Fighting skill increases to level 11!
Your Shields skill increases to level 7!
You feel better.
Your two-headed ogre hits the cane toad with a +0 giant club!!!
The cane toad dies!
Trog accepts your kill. The eight-headed hydra bites you.
* * * LOW HITPOINT WARNING * * *
The eight-headed hydra bites you!
* * * LOW HITPOINT WARNING * * *
You block the eight-headed hydra's attack.
The eight-headed hydra bites you but does no damage. x4
The eight-headed hydra misses you.
The eight-headed hydra bites you but does no damage.
You block the eight-headed hydra's attack.
The eight-headed hydra bites you.
You die...

## ### # ##
.###.#####P#######.
...................
..........#. #..# #.
.#....##..#.# ##..####.#
.##...P#.....##P........
.##....##..........#....
.##...##........@D#^....
......# ........O......
###...# #..#.#...#.....
#.....####.##.##..# ##..
......P.##.P####..#..###
.................<......
........................
........................
...........†............


You could see an eight-headed hydra (ally target) and a friendly two-headed ogre
(summoned, berserk).

Vanquished Creatures
  The ghost of strontium90w the Carver, a journeyman DsBe of Trog (Lair:1)
  A catoblepas (Lair:1)
  2 hydras
  A centaur warrior (D:10)
  A death yak (D:11)
  2 boulder beetles
  A two-headed ogre (D:9)
  A tengu warrior (D:10)
  2 moths of wrath (Lair:1)
  2 cyclopes
  A black mamba (Lair:2)
  A cane toad (Lair:1)
  Psyche (D:8)
  A torpor snail (Lair:2)
  A gargoyle (D:10)
  2 rime drakes
  A komodo dragon (D:10)
  3 trolls
  3 blink frogs (Lair:1)
  A centaur simulacrum (D:10)
  11 yaks
  A wraith (D:9)
  2 wyverns
  A fire elemental (Lair:1)
  A steam dragon (D:7)
  An acid dragon (D:10)
  4 water moccasins
  A floating eye (shapeshifter) (D:10)
  2 black bears
  4 ice beasts
  2 orc warriors
  An ogre (D:5)
  3 wolves (Lair:1)
  9 centaurs
  3 phantoms
  2 gnoll sergeants
  A kobold brigand (D:9)
  5 bullfrogs
  3 scorpions
  3 wights (D:10)
  8 killer bees
  An electric eel (Lair:1)
  2 howler monkeys
  A lava snake (Lair:1)
  4 hounds
  4 orc priests
  3 iguanas
  3 sleepcaps
  11 orc wizards
  5 gnolls (D:8)
  10 adders
  3 river rats
  4 white imps
  An ufetubus (D:6)
  A dart slug (D:4)
  27 orcs
  4 endoplasms
  4 giant cockroaches
  7 goblins
  8 hobgoblins
  11 kobolds
  4 quokkas
  4 ball pythons
  4 bats
  4 frilled lizards
  4 rats
231 creatures vanquished.

Vanquished Creatures (collateral kills)
  A two-headed ogre (D:11)
  A catoblepas (Lair:2)
  A death yak (Lair:1)
  A cane toad (Lair:2)
  2 yaks
  A water moccasin (Lair:1)
  A bullfrog (Lair:1)
  2 wights (D:10)
  An orc priest (D:7)
  An orc wizard (D:7)
12 creatures vanquished.

Vanquished Creatures (others)
  2 death yaks (D:11)
  2 yaks (D:11)
  An adder (D:6)
  2 fungi (Lair:2)
  12 plants
19 creatures vanquished.

Grand Total: 262 creatures vanquished

Notes
Turn   | Place    | Note
-------+----------+-------------------------------------------
     0 | D:1      | onion5 the Minotaur Berserker began the quest for the Orb.
     0 | D:1      | Reached XP level 1. HP: 19/19 MP: 0/0
   142 | D:1      | Reached XP level 2. HP: 25/27 MP: 1/1
   146 | D:1      | Reached skill level 4 in Axes
   416 | D:1      | Reached ** piety under Trog
  1137 | D:2      | Reached XP level 3. HP: 32/33 MP: 2/2
  1274 | D:2      | Found a faded altar of an unknown god.
  2106 | D:3      | Reached skill level 5 in Axes
  2174 | D:3      | Reached XP level 4. HP: 40/40 MP: 3/3
  2413 | D:3      | Found a shimmering blue altar of Sif Muna.
  2798 | D:4      | Reached XP level 5. HP: 46/46 MP: 4/4
  3027 | D:4      | Found Tomaw's Jewellery Emporium.
  3101 | D:4      | Reached XP level 6. HP: 38/53 MP: 5/5
  3193 | D:4      | Reached skill level 1 in Ranged Weapons
  3221 | D:4      | Reached skill level 6 in Axes
  3415 | D:4      | Reached skill level 5 in Armour
  3826 | D:4      | Bought an amulet of reflection for 300 gold pieces
  3921 | D:5      | Entered Level 5 of the Dungeon
  3951 | D:5      | Reached XP level 7. HP: 47/60 MP: 6/6
  3952 | D:5      | Reached skill level 5 in Fighting
  4012 | D:5      | Reached skill level 7 in Axes
  4214 | D:5      | Reached XP level 8. HP: 58/70 MP: 7/7
  4438 | D:5      | Reached skill level 8 in Axes
  4844 | D:6      | Reached skill level 1 in Shields
  4964 | D:6      | Reached *** piety under Trog
  4965 | D:6      | Reached skill level 9 in Axes
  4965 | D:6      | Reached skill level 5 in Dodging
  4983 | D:6      | Found Wucwurphi's Antique Armour Emporium.
  5087 | D:6      | Found a sparkling altar of Nemelex Xobeh.
  5092 | D:6      | Identified the orb of Misanthropy {mayhem, Slay+4}
  5264 | D:6      | Found a glowing drain.
  5278 | Sewer    | Entered a sewer
  5361 | D:6      | Found a staircase to the Ecumenical Temple.
  5496 | Temple   | Entered the Ecumenical Temple
  5496 | Temple   | Found a transporter.
  5496 | Temple   | Found a transporter.
  5498 | Temple   | Found a transporter.
  5498 | Temple   | Found a transporter.
  5817 | D:7      | Reached skill level 1 in Stealth
  5817 | D:7      | Reached XP level 9. HP: 78/78 MP: 8/8
  5969 | D:7      | Reached skill level 10 in Axes
  6679 | D:8      | Noticed Psyche
  6690 | D:8      | Killed Psyche
  6691 | D:8      | Reached skill level 1 in Throwing
  7169 | D:8      | Found a hazy altar of Hepliaklqana.
  7586 | D:9      | Found a transporter.
  7616 | D:9      | Found a transporter.
  7648 | D:9      | Reached skill level 11 in Axes
  7806 | D:9      | Found a transporter.
  7870 | D:9      | Noticed a two-headed ogre
  7877 | D:9      | Killed a two-headed ogre
  7878 | D:9      | Reached XP level 10. HP: 86/86 MP: 9/9
  8240 | D:9      | Found a transporter.
  8321 | D:9      | Found a radiant altar of Vehumet.
  8356 | D:9      | Found a blossoming altar of Fedhas.
  9169 | D:10     | Entered Level 10 of the Dungeon
  9198 | D:10     | Reached skill level 5 in Shields
  9430 | D:10     | Noticed a gargoyle
  9433 | D:10     | Noticed a centaur warrior
  9434 | D:10     | Reached skill level 12 in Axes
  9441 | D:10     | Killed a centaur warrior
  9446 | D:10     | Noticed a cyclops
  9449 | D:10     | Killed a gargoyle
  9450 | D:10     | Reached skill level 10 in Armour
  9450 | D:10     | Identified the ring of Qozahep {rF- rCorr Str+2 Int+6}
  9450 | D:10     | Noticed a tengu warrior
  9455 | D:10     | Killed a cyclops
  9456 | D:10     | Noticed a boulder beetle
  9459 | D:10     | Killed a tengu warrior
  9468 | D:10     | Killed a boulder beetle
  9469 | D:10     | Reached XP level 11. HP: 56/95 MP: 10/10
  9511 | D:10     | Reached skill level 13 in Axes
 10060 | D:11     | Found a staircase to the Lair.
 10061 | D:11     | Noticed a death yak
 10062 | D:11     | Noticed a death yak
 10066 | D:11     | Noticed a death yak
 10067 | D:11     | Noticed a two-headed ogre
 10069 | D:11     | Killed a death yak
 10070 | D:11     | Killed a two-headed ogre
 10073 | D:11     | Killed a death yak
 10074 | D:11     | Killed a death yak
 10089 | D:11     | Reached skill level 14 in Axes
 10090 | D:11     | Reached skill level 10 in Fighting
 10130 | Lair:1   | Entered Level 1 of the Lair of Beasts
 10130 | Lair:1   | Noticed a seven-headed hydra
 10133 | Lair:1   | Noticed strontium90w's ghost (journeyman DsBe)
 10134 | Lair:1   | Found a transporter.
 10143 | Lair:1   | Noticed a death yak
 10160 | Lair:1   | Found an ornate altar of the Wu Jian Council.
 10160 | Lair:1   | Found a hide-covered altar of Uskayaw.
 10160 | Lair:1   | Noticed a boulder beetle
 10175 | Lair:1   | Killed a boulder beetle
 10443 | Lair:1   | Noticed a catoblepas
 10465 | Lair:1   | Killed a catoblepas
 10465 | Lair:1   | Reached **** piety under Trog
 10466 | Lair:1   | Reached XP level 12. HP: 40/107 MP: 11/11
 10595 | Lair:1   | Found a transporter.
 10706 | Lair:1   | Identified the +9 quarterstaff "Xeuw" {pain, rF- rC+ Dex+8
                  | Stlth+}
 10761 | Lair:1   | Got the Thoughts on the Harmful Summer
 11013 | Lair:1   | Killed a death yak
 11018 | Lair:1   | Killed a ten-headed hydra
 11024 | Lair:1   | Killed strontium90w's ghost
 11029 | Lair:1   | Gained mutation: You have sharp toenails. [potion of
                  | mutation]
 11029 | Lair:1   | Gained mutation: You have hidden genetic potential. [potion
                  | of mutation]
 11173 | Lair:2   | Lost mutation: You have hidden genetic potential. [potion
                  | of mutation]
 11173 | Lair:2   | Lost mutation: You have sharp toenails. [potion of
                  | mutation]
 11173 | Lair:2   | Gained mutation: Your spells are a little harder to cast,
                  | but a little more powerful. [potion of mutation]
 11173 | Lair:2   | Gained mutation: Your mind is acute. (Int +4, Str/Dex -1)
                  | [potion of mutation]
 11173 | Lair:2   | Gained mutation: Your muscles are strong. (Str +4, Int/Dex
                  | -1) [potion of mutation]
 11173 | Lair:2   | Gained mutation: You are partially covered in iridescent
                  | scales. (AC +2) [potion of mutation]
 11329 | Lair:2   | Noticed a four-headed hydra
 11339 | Lair:2   | Killed a nine-headed hydra
 11601 | Lair:2   | Noticed a five-headed hydra
 11601 | Lair:2   | Noticed a catoblepas
 11622 | Lair:2   | Killed a catoblepas
 11623 | Lair:2   | HP: 4/110 [eight-headed hydra (11)]
 11623 | Lair:2   | Slain by an eight-headed hydra

Illustrated notes

Levels and vault maps discovered:
D:1:      dpeg_arrival_morbid_curiosity, layout_rooms
D:2:      minmay_chambers_of_ones, layout_basic,
          shapermc_ecumenical_altar_petra, grunt_decor_resistance
D:3:      layout_basic, mainiacjoe_overflow_cross_hatched, kennysheep_potato
D:4:      kb_forest_paths, layout_basic, serial_shops,
          nicolae_shop_temple_entry_statues_fountains
D:5:      layout_basic, kennysheep_generic_room_11
D:6:      layout_rooms, nemelex_xobeh_ov_fountains_minmay,
          minmay_temple_entry_wispy, serial_shops, nicolae_shop_behind_doors,
          portal_sewer_entry_b
D:7:      layout_loops_ring, minmay_misc_feat_pillars, chequers_jeans,
          hangedman_decor_growths, minivault_22, minmay_fountain_box
D:8:      layout_loops_ring, mainiacjoe_overflow_brackets, uniq_psyche
D:9:      layout_layer_cave, fedhas_altar_1, fiery_altar_vehumet,
          nicolae_transporter_intersection
D:10:     minmay_the_grid_square_5x5_3x3
          [minmay_the_grid_square_5x5_spiral_small,
          minmay_the_grid_square_5x5_one_wall,
          minmay_the_grid_square_5x5_shrine1, minmay_the_grid_square_5x5_seven,
          minmay_the_grid_square_5x5_megaprize_crossed,
          minmay_the_grid_square_5x5_trominoes,
          minmay_the_grid_square_5x5_fancy_junction,
          minmay_the_grid_square_5x5_moneybag,
          minmay_the_grid_square_5x5_forky], layout_loops_ring
D:11:     layout_cave_pools, dpeg_lair_monsters, grunt_dithmenos_shadows
Temple:   hellmonk_temple_divided_pantheon
Lair:1:   layout_gridlike, gammafunk_ghost_berserking_beasts,
          nzn_masters_of_martial_movement, serial_bayou_shore_a
Lair:2:   layout_regular_city, nicolae_spider_entry_orb_guardian,
          chequers_serial_rivers_marsh

Skill      XL: |  1  2  3  4  5  6  7  8  9 10 11 12 |
---------------+-------------------------------------+-----
Axes           | 4 5 6 7 9 11 12 14 | 14.8
Fighting       | 4 5 6 7 8 10 11 | 11.0
Armour         | 4 5 6 8 10 12 13 | 13.7
Dodging        | 3 4 5 |  5.9
Ranged Weapons | 1 |  1.6
Shields        | 3 4 5 6 7 |  7.0
Stealth        | 1 2 3 |  3.8
Throwing       | 1 2 |  2.7

Action                     |  1- 3 |  4- 6 |  7- 9 | 10-12 || total
---------------------------+-------+-------+-------+-------++-------
  Melee: Hand axe          |    92 |   124 |   201 |   245 ||   662
         Headbutt          |    10 |    18 |    33 |    69 ||   130
         Punch             |       |     2 |     1 |       ||     3
   Fire: Sling             |       |     6 |       |       ||     6
  Throw: Dart              |     1 |     2 |     3 |    13 ||    19
 Invoke: Berserk           |       |     3 |     9 |     8 ||    20
         Trog's Hand       |       |     2 |     2 |     5 ||     9
         Brothers in Arms  |       |       |       |     1 ||     1
    Use: Potion            |       |     9 |       |    11 ||    20
         Scroll            |       |    10 |     6 |     5 ||    21
   Stab: Distracted        |       |       |     1 |     3 ||     4
         Petrified         |       |       |       |     4 ||     4
 Armour: Animal skin       |     6 |       |       |       ||     6
         Ring mail         |    17 |    28 |    16 |       ||    61
         Skin              |       |    21 |       |       ||    21
         Chain mail        |       |       |    12 |       ||    12
         Plate armour      |       |       |    34 |   153 ||   187
  Dodge: Dodged            |    76 |    81 |   106 |   120 ||   383
  Block: Other             |       |       |    24 |       ||    24
         Reflection        |       |       |     8 |     3 ||    11
         Orb               |       |       |    16 |    52 ||    68
